 Dungeon Crawl Stone Soup version 0.17-a0-1733-ge90ece9 (webtiles) character file.

201 Svalin the Grave Robber (level 5, -7/28 HPs)
             Began as a Deep Elf Necromancer on Aug 29, 2015.
             Killed by Freeze
             ... invoked by comborobin's ghost
              (13 damage)
             ... on level 3 of the Dungeon.
             The game lasted 00:21:44 (4964 turns).

Svalin the Grave Robber (Deep Elf Necromancer)      Turns: 4964, Time: 00:21:44

Health: -7/28      AC:  8    Str:  5    XL:     5   Next: 50%
Magic:  13/14      EV: 14    Int: 21    God:
Gold:   123        SH:  0    Dex: 15    Spells: 4 memorised, 4 levels left

rFire  . . .     SeeInvis .     g - +3 dagger (protect)
rCold  . . .     Clarity  .     a - +0 robe
rNeg   . . .     SustAt   .     (no shield)
rPois  .         Gourm    .     q - +0 helmet
rElec  .         Spirit   .     (no cloak)
rCorr  .         Warding  .     (no gloves)
rMut   .         Stasis   .     (no boots)
MR     .....                    (no amulet)
Stlth  ++........               (no ring)
                                (no ring)

@: not resistant to hostile enchantments, unstealthy
A: no striking features
a: no special abilities


You were on level 3 of the Dungeon.
You were not hungry.

You visited 1 branch of the dungeon, and saw 3 of its levels.

You collected 123 gold pieces.

Inventory:

Hand weapons
 d - a +0 spear
 g - a +3 dagger of protection (weapon)
Armour
 a - a +0 robe (worn)
 q - a +0 helmet (worn)
Scrolls
 h - 2 scrolls of amnesia
 i - 7 scrolls of identify
 j - a scroll of remove curse
 o - a scroll of noise {unknown}
 r - a scroll of immolation {unknown}
 s - a scroll of random uselessness {unknown}
 t - a scroll of magic mapping {unknown}
Potions
 e - a potion of cure mutation {unknown}
 f - a potion of curing
 k - 2 potions of heal wounds {unknown}
 m - a potion of agility {unknown}
 u - a potion of brilliance {unknown}
 v - a potion of mutation {unknown}
Books
 b - a book of Necromancy

   Spells                             Type                      Level
   a - Pain                           Necromancy                   1
   b - Animate Skeleton               Necromancy                   1
   c - Vampiric Draining              Necromancy                   3
   d - Regeneration                   Charms/Necromancy            3
   e - Animate Dead                   Necromancy                   4
   f - Control Undead                 Necromancy                   4
Comestibles
 c - 4 bread rations
 l - a meat ration


   Skills:
 + Level 4.3 Dodging
 - Level 2.4 Stealth
 + Level 4.9 Spellcasting
 - Level 6.4 Necromancy


You had 4 spell levels left.
You knew the following spells:

 Your Spells              Type           Power        Failure   Level  Hunger
a - Pain                  Necr           ####         1%          1    None
b - Animate Skeleton      Necr           N/A          1%          1    None
c - Vampiric Draining     Necr           ####......   2%          3    ##.....
d - Animate Dead          Necr           N/A          10%         4    ####...


Dungeon Overview and Level Annotations

Branches:
Dungeon (3/15)

Altars:

Annotations:
D:3 comborobin's ghost, average HOWn


Message History

Your goblin zombie barely misses comborobin's ghost.
Comborobin's ghost points at you and mumbles some strange words.
You are frozen.
You barely miss comborobin's ghost.
Your goblin zombie hits comborobin's ghost but does no damage.
Comborobin's ghost hits you.
* * * LOW HITPOINT WARNING * * *
Your goblin zombie hits comborobin's ghost.
Your goblin zombie hits comborobin's ghost.
Casting: Animate Dead
Confirm with . or Enter, or press ? or * to list all spells.
You can't see any susceptible monsters within range! (Use Z to cast anyway.) Unknown command.
Casting: Animate Dead
Confirm with . or Enter, or press ? or * to list all spells.
You can't see any susceptible monsters within range! (Use Z to cast anyway.) Unknown command.
Comborobin's ghost casts a spell at you.
You are frozen.
You die...

######### .. ........# ##
#.# ........# .. #..
......... .##############.
........# #.#..............
........# #.#.###...#######
........####.#.# #...# #
......w.Z.W..#.# #...# #
w..........@.#(###...#######
.............#)#...........)
#######......#)#.###########
#........#. #.....####
#.....# #.....# #.....#
#######


You could see a worm, comborobin's ghost and a friendly goblin zombie.

Vanquished Creatures
  An orc priest (D:3)
  An orc wizard (D:3)
  3 adders (D:3)
  2 oozes
  2 worms
  A giant gecko (D:2)
  6 orcs (D:3)
  4 bats
  2 giant cockroaches (D:1)
  13 hobgoblins
  4 jackals
  7 kobolds
  3 ball pythons
  7 giant newts
  19 goblins
  10 rats
85 creatures vanquished.

Vanquished Creatures (collateral kills)
  An orc wizard (D:3)
  Robin (D:3)
  A goblin (D:3)
  A hobgoblin (D:3)
  A jackal (D:3)
  A kobold (D:1)
  3 bats (D:1)
  A rat (D:3)
10 creatures vanquished.

Grand Total: 95 creatures vanquished

Notes
Turn   | Place    | Note
--------------------------------------------------------------
     0 | D:1      | Svalin the Deep Elf Necromancer began the quest for the Orb.
     0 | D:1      | Reached XP level 1. HP: 10/10 MP: 6/6
   186 | D:1      | Reached skill level 5 in Necromancy
   453 | D:1      | Reached XP level 2. HP: 15/15 MP: 8/8
   479 | D:1      | Learned a level 1 spell: Animate Skeleton
  2047 | D:1      | Reached XP level 3. HP: 19/19 MP: 8/10
  2345 | D:1      | Learned a level 3 spell: Vampiric Draining
  3557 | D:3      | Reached XP level 4. HP: 22/24 MP: 9/12
  3938 | D:3      | Reached skill level 6 in Necromancy
  3962 | D:3      | Noticed Robin
  4014 | D:3      | Killed Robin
  4193 | D:3      | Your ally Robin died
  4364 | D:3      | Learned a level 4 spell: Animate Dead
  4526 | D:3      | Reached XP level 5. HP: 23/28 MP: 7/13
  4954 | D:3      | Noticed comborobin's ghost (average HOWn)
  4964 | D:3      | Killed from afar by comborobin's ghost

Vault maps used:
D:1:      dpeg_arrival_brainrot, minmay_misc_feat_four_crosses
D:2:      first_bread, grunt_ministairs_5
D:3:      kennysheep_goblin_castle

Action                   |  1- 3 |  4- 6 || total
-------------------------+-------+-------++-------
Melee: Spear             |    61 |       ||    61
       Dagger            |    25 |    51 ||    76
 Cast: Pain              |    51 |    45 ||    96
       Animate Skeleton  |    18 |    14 ||    32
       Vampiric Draining |     1 |     1 ||     2
       Animate Dead      |       |     3 ||     3
  Use: Scroll            |     4 |     1 ||     5
       Potion            |       |     2 ||     2
 Stab: Sleeping          |     7 |     1 ||     8
       Distracted        |     1 |       ||     1
  Eat: Bread ration      |     1 |       ||     1
       Chunk             |     4 |     4 ||     8
       Royal jelly       |       |     1 ||     1
